 Dungeon Crawl Stone Soup version 0.31-a0-18-gea43df2a32 (webtiles) character file.

Game seed: 16995094537525357809

13741 grindst0ne the Severer (level 11, 0/114 HPs)
             Began as a Minotaur Monk on May 9, 2023.
             Was a High Priest of Trog.
             Slain by Kirke (5 damage)
             ... on level 15 of the Dungeon.
             The game lasted 00:17:26 (10414 turns).

grindst0ne the Severer (Minotaur Monk)             Turns: 10414, Time: 00:17:27

Health: 0/114      AC:  0    Str: 14    XL:     11   Next: 79%
Magic:  10/10      EV: 16    Int: 13    God:    Trog [*****.]
Gold:   694        SH:  5    Dex: 15    Spells: 10/10 levels left

rFire   . . .        C - melded +0 broad axe
rCold   . . .        d - melded orb {light}
rNeg    . . .        i - melded +0 chain mail
rPois   .            (helmet currently unavailable)
rElec   .            H - melded +1 cloak
rCorr   .            (gloves currently unavailable)
SInv    .            (boots currently unavailable)
Will    .....        q - amulet of reflection
Stlth   +            g - melded +4 ring of protection
HPRegen 0.39/turn    n - melded +6 ring of strength
MPRegen 0.12/turn

%: reflection
@: pig-form, slowed
A: fast, no casting, small, (horns 2), (retaliatory headbutt), clever 1, (cold
resistance 1), (heat vulnerability 1)
a: Renounce Religion, Berserk, Trog's Hand, Brothers in Arms


You were on level 15 of the Dungeon.
You worshipped Trog.
Trog was extremely pleased with you.
You were a filthy swine.
You visited 1 branch of the dungeon, and saw 13 of its levels.
You also visited: Ossuary.

You collected 694 gold pieces.

Inventory:

Hand Weapons
 C - a +0 broad axe (melded)
Missiles
 f - 9 javelins
 v - a throwing net
 N - a curare-tipped dart
Armour
 d - an orb of light (melded)
 i - a +0 chain mail (melded)
 H - a +1 cloak (melded)
Jewellery
 g - a +4 ring of protection (melded)
 n - a +6 ring of strength (melded)
 q - an amulet of reflection (around neck)
 G - a ring of resist corrosion
 I - an amulet of regeneration
 L - an amulet of guardian spirit
Wands
 a - a wand of digging (7)
 b - a wand of flame (13)
 l - a wand of mindburst (24)
 r - a wand of roots (13)
 t - a wand of paralysis (13)
 O - a wand of polymorph (9)
Scrolls
 h - 5 scrolls of fear {unknown}
 j - 2 scrolls of magic mapping {unknown}
 k - 4 scrolls of silence
 o - a scroll of immolation
 s - 4 scrolls of amnesia
 u - 3 scrolls of teleportation
 w - 3 scrolls of enchant weapon
 y - 2 scrolls of blinking
 z - 2 scrolls of poison
 D - 2 scrolls of vulnerability
Potions
 c - 2 potions of ambrosia
 e - 8 potions of attraction
 m - 5 potions of mutation
 p - a potion of flight
 x - 3 potions of curing
 A - 6 potions of invisibility
 B - a potion of berserk rage
 E - 2 potions of might
 F - 3 potions of resistance
 J - 4 potions of heal wounds
 K - 4 potions of haste
 M - 2 potions of cancellation {unknown}


   Skills:
 + Level 15.8 Fighting
 + Level 15.8 Axes
 + Level 2.8 Armour
 + Level 4.3 Dodging
 + Level 2.0 Evocations


You had 10 spell levels left.
You didn't know any spells.
Your spell library contained the following spells:

 Spells                   Type           Power      Damage    Failure   Level
 Magic Dart               Conj           0%         1d3       30%         1
 Blink                    Tloc           0%         N/A       43%         2
 Lesser Beckoning         Tloc           0%         N/A       43%         2
 Momentum Strike          Conj/Tloc      0%         3d8       43%         2
 Searing Ray              Conj           0%         2d4       43%         2
 Fulminant Prism          Conj/Hex       0%         3d5       97%         4


Dungeon Overview and Level Annotations

Branches:
Dungeon (12/15)            Temple (0/1) D:7            Lair (0/5) D:11
    Orc (0/2) D:11        Ossuary (visited)

Altars:
Gozag
Hepliaklqana
Kikubaaqudgha
Nemelex Xobeh
Okawaru
Ru
Sif Muna
Trog
Uskayaw
Vehumet
Wu Jian
The Shining One

Shops:
D:3 =[[[   D:6 [

Annotations:
D:15 Kirke


Innate Abilities, Weirdness & Mutations

You are a filthy swine.
You move quickly.
Your equipment is almost entirely melded.
You are incapable of wielding weapons or throwing items.
You cannot cast spells.
((You have a pair of horns on your head.))
((You reflexively headbutt those who attack you in melee.))
Your mind is acute. (Int +4, Str/Dex -1)
((Your flesh is cold resistant. (rC+)))
((You are vulnerable to heat. (rF-)))


Message History

Kirke casts a spell.
Kirke summons a lindwurm!
You bite Kirke!
Kirke is severely wounded.
You barely miss Kirke.
Kirke is severely wounded.
Kirke points at you and mumbles some strange words.
You barely resist. The lindwurm breathes flames at you.
The blast of flame misses you.
You hit Kirke.
Kirke is severely wounded.
Kirke hits you! The lindwurm bites you! The lindwurm claws you.
You block the lindwurm's attack.
You barely miss Kirke.
Kirke is severely wounded.
Kirke gestures wildly while chanting.
Kirke flickers and vanishes!
Deactivating autopickup; reactivate with Ctrl-A.
The lindwurm misses you. The lindwurm claws you. The lindwurm claws you!
You hit something.
You hear some strange, mumbled words.
You feel yourself slow down. You block the lindwurm's attack.
The lindwurm completely misses you. The lindwurm claws you.
You miss something. Something hits you!!
* * * LOW HITPOINT WARNING * * *
The lindwurm bites you!
* * * LOW HITPOINT WARNING * * *
The lindwurm claws you.
* * * LOW HITPOINT WARNING * * *
The lindwurm claws you.
* * * LOW HITPOINT WARNING * * *
A white ugly thing comes into view.
You closely miss something.
The white ugly thing gurgles horribly!
Something barely misses you. The lindwurm barely misses you.
The lindwurm closely misses you. The lindwurm claws you!
* * * LOW HITPOINT WARNING * * *
You closely miss something. Something hits you.
You die...

.... .... #..u. #....
#.....
#....h#####+###########
#...he{.k.............#
......#h..............#
..... #...............#
.... #...............#
... #...............#
.@ #...............# h
#...............#
#################


You could see a white ugly thing, a lindwurm (summoned), a deep elf pyromancer
and 2 hogs.

Vanquished Creatures
  A centaur warrior (D:9)
  3 two-headed ogres
  A boulder beetle (D:11)
  The ghost of knoon the Cleaver, a novice HOFi of Kikubaaqudgha (D:6)
  Nergalle (D:11)
  Pikel (D:9)
  2 ugly things (D:11)
  2 manticores
  A cyclops (D:12)
  Maurice (D:8)
  A kobold demonologist (D:12)
  2 hornets
  3 wyverns
  A shadow (D:9)
  9 yaks (D:10)
  2 water moccasins (D:7)
  An ice beast (D:7)
  A black bear (D:6)
  3 ogres (D:6)
  2 centaurs
  A phantom (D:3)
  3 kobold brigands
  4 scorpions
  2 gnoll sergeants
  3 wyvern zombies (Ossuary)
  A bullfrog (D:8)
  A wyvern skeleton (D:5)
  3 water moccasin zombies
  6 wights (D:7)
  9 killer bees
  3 howler monkeys
  8 bullfrog zombies
  7 centaur zombies
  4 hounds
  3 orc priests
  2 gnoll boudas
  A sleepcap (D:8)
  A centaur skeleton (D:5)
  6 iguanas
  3 orc wizards
  Natasha (D:3)
  Ijyb (D:3)
  3 killer bee zombies
  3 hound zombies (D:5)
  15 mummies (Ossuary)
  A howler monkey zombie (Ossuary)
  15 gnolls
  5 adders
  3 shadow imps
  A white imp (D:8)
  2 ufetubi
  A worm (D:2)
  A dart slug (D:1)
  14 orcs
  5 ball pythons
  5 bats
  A bat zombie (D:3)
  6 endoplasms
  2 giant cockroaches
  6 goblins
  5 hobgoblins
  7 jackals
  2 quokkas
  4 frilled lizards
  15 kobolds
  6 rats
  A rat zombie (D:3)
241 creatures vanquished.

Notes
Turn   | Place    | Note
-------+----------+-------------------------------------------
     0 | D:1      | grindst0ne the Minotaur Monk began the quest for the Orb.
     0 | D:1      | Reached XP level 1. HP: 19/19 MP: 0/0
   141 | D:1      | Reached XP level 2. HP: 27/27 MP: 1/1
  1068 | D:2      | Reached XP level 3. HP: 34/34 MP: 2/2
  1220 | D:2      | Found a faded altar of an unknown god.
  1248 | D:2      | Prayed at the altar of an unknown god.
  1248 | D:2      | Became a worshipper of Trog the Wrathful
  1248 | D:2      | Reached * piety under Trog
  1248 | D:2      | Reached ** piety under Trog
  1261 | D:2      | Reached XP level 4. HP: 41/41 MP: 3/3
  1271 | D:2      | Reached skill level 5 in Axes
  1273 | D:2      | Reached skill level 5 in Fighting
  1318 | D:2      | Reached *** piety under Trog
  1583 | D:3      | Noticed Ijyb
  1583 | D:3      | Paralysed by Ijyb for 2 turns
  1590 | D:3      | Noticed a phantom
  1594 | D:3      | Killed Ijyb
  1599 | D:3      | Killed a phantom
  1600 | D:3      | Reached XP level 5. HP: 50/50 MP: 4/4
  1674 | D:3      | Found Voarrouh's Armour Shop.
  1725 | D:3      | Found Ennav's Armour Emporium.
  1756 | D:3      | Found an opulent altar of Gozag.
  1778 | D:3      | Found an ancient bone altar of Kikubaaqudgha.
  1837 | D:3      | Found an iron altar of Okawaru.
  1971 | D:3      | Found Momistuc's Jewellery Shoppe.
  2129 | D:3      | Noticed Natasha
  2133 | D:3      | Killed Natasha
  2255 | D:3      | Found Omuveoci's Armour Shoppe.
  2526 | D:4      | Reached XP level 6. HP: 41/58 MP: 5/5
  3227 | D:5      | Entered Level 5 of the Dungeon
  3518 | D:5      | Reached XP level 7. HP: 66/66 MP: 6/6
  3585 | D:5      | Found a sacrificial altar of Ru.
  3825 | D:5      | Found an ornate altar of the Wu Jian Council.
  3915 | D:5      | Reached **** piety under Trog
  4048 | D:5      | Reached XP level 8. HP: 75/75 MP: 7/7
  4381 | D:6      | Noticed knoon's ghost (novice HOFi)
  4382 | D:6      | Found a transporter.
  4386 | D:6      | Found a transporter.
  4452 | D:6      | Found Paimueleu's Antique Armour Boutique.
  4559 | D:6      | Found a sand-covered staircase.
  4564 | Ossuary  | Entered an ossuary
  4683 | Ossuary  | Reached skill level 10 in Fighting
  4683 | Ossuary  | Reached skill level 10 in Axes
  4790 | Ossuary  | Reached XP level 9. HP: 86/86 MP: 8/8
  5168 | D:6      | Found a bloodstained altar of Trog.
  5202 | D:6      | Found a sparkling altar of Nemelex Xobeh.
  5361 | D:6      | Gained mutation: You are partially covered in iridescent
                  | scales. (AC +2) [potion of mutation]
  5361 | D:6      | Gained mutation: You are vulnerable to heat. (rF-) [potion
                  | of mutation]
  5361 | D:6      | Gained mutation: You are very vulnerable to heat. (rF--)
                  | [potion of mutation]
  5361 | D:6      | Gained mutation: Your mind is acute. (Int +4, Str/Dex -1)
                  | [potion of mutation]
  5371 | D:6      | Killed knoon's ghost
  5747 | D:7      | Found a radiant altar of Vehumet.
  6503 | D:7      | Reached XP level 10. HP: 99/100 MP: 9/9
  6550 | D:7      | Found a staircase to the Ecumenical Temple.
  6735 | D:8      | Noticed Maurice
  6750 | D:8      | Killed Maurice
  6934 | D:8      | Reached ***** piety under Trog
  7211 | D:8      | Found a glowing golden altar of the Shining One.
  7619 | D:9      | Noticed Pikel
  7624 | D:9      | Killed Pikel
  7627 | D:9      | Noticed a two-headed ogre
  7635 | D:9      | Killed a two-headed ogre
  7737 | D:9      | Found a shimmering blue altar of Sif Muna.
  7813 | D:9      | Noticed a centaur warrior
  7821 | D:9      | Killed a centaur warrior
  8050 | D:9      | Found a hazy altar of Hepliaklqana.
  8278 | D:10     | Entered Level 10 of the Dungeon
  8290 | D:10     | Reached XP level 11. HP: 111/111 MP: 10/10
  8448 | D:10     | Noticed a two-headed ogre
  8466 | D:10     | Killed a two-headed ogre
  8467 | D:10     | Reached skill level 15 in Fighting
  8467 | D:10     | Reached skill level 15 in Axes
  8790 | D:10     | Found a hide-covered altar of Uskayaw.
  9093 | D:11     | Found a staircase to the Lair.
  9127 | D:11     | Lost mutation: Your mind is acute. (Int +4, Str/Dex -1)
                  | [potion of mutation]
  9127 | D:11     | Lost mutation: You are partially covered in iridescent
                  | scales. (AC +2) [potion of mutation]
  9127 | D:11     | Gained mutation: You are partially covered in iridescent
                  | scales. (AC +2) [potion of mutation]
  9128 | D:11     | Lost mutation: You are partially covered in iridescent
                  | scales. (AC +2) [potion of mutation]
  9128 | D:11     | Lost mutation: You are very vulnerable to heat. (rF--)
                  | [potion of mutation]
  9128 | D:11     | Gained mutation: Your flesh is cold resistant. (rC+)
                  | [potion of mutation]
  9128 | D:11     | Gained mutation: Your mind is acute. (Int +4, Str/Dex -1)
                  | [potion of mutation]
  9159 | D:11     | Noticed a boulder beetle
  9191 | D:11     | Killed a boulder beetle
  9423 | D:11     | Found a staircase to the Orcish Mines.
  9561 | D:11     | Received a gift from Trog
  9670 | D:11     | Noticed a cyan ugly thing
  9681 | D:11     | Killed a cyan ugly thing
  9887 | D:11     | Noticed Nergalle
  9905 | D:11     | Noticed a spectral orc warlord
  9906 | D:11     | Killed Nergalle
  9907 | D:11     | Reached skill level 1 in Armour
  9907 | D:11     | Reached skill level 1 in Evocations
 10192 | D:11     | Noticed a purple ugly thing
 10199 | D:11     | Killed a purple ugly thing
 10310 | D:12     | Noticed a two-headed ogre
 10319 | D:12     | Killed a two-headed ogre
 10374 | D:12     | You fall into a shaft and drop 3 floors!
 10374 | D:15     | Entered Level 15 of the Dungeon
 10390 | D:15     | Noticed Kirke
 10393 | D:15     | Noticed a deep elf pyromancer
 10407 | D:15     | Noticed a lindwurm
 10412 | D:15     | Noticed a white ugly thing
 10413 | D:15     | HP: 4/114 [lindwurm[Kirke] (10)]
 10414 | D:15     | Slain by Kirke

Illustrated notes

Levels and vault maps discovered:
D:1:      wander_arrival_lonely_grave, layout_loops_cross,
          serial_co_window_serial, co_window_paths_a,
          co_window_of_opportunity_a, co_window_paths_a, co_window_paths_b,
          co_window_corner_a, co_window_paths_a, co_window_paths_a,
          co_window_paths_a, co_window_paths_a, co_window_broadway_b,
          co_window_paths_c, co_window_of_opportunity_c,
          co_window_of_opportunity_b, co_window_broadway_a, co_window_cross_3,
          co_window_4corner_b
D:2:      kennysheep_big_flooded_room, layout_rooms,
          hellmonk_ecumenical_altar_leap_of_faith
D:3:      layout_basic, lemuel_zombie_altar_kikubaaqudgha,
          mainiacjoe_overflow_catch_the_wave, serial_shops,
          nicolae_shop_getting_attention, shop, shop, shop, st_stairs_8,
          chequers_serial_rivers_small_b, serial_bayou_lagoon_a, uniq_ijyb,
          uniq_natasha
D:4:      layout_basic, minmay_diced_spiral
D:5:      layout_loops_corners, marbit_many_paths, mainiacjoe_overflow_alcove_4,
          serial_undead, serial_undead_e, serial_undead_b, serial_undead_a,
          serial_undead_d
D:6:      nicolae_cairo_tiling, layout_rooms, mainiacjoe_overflow_two_lobes,
          gammafunk_ghost_smash, serial_shops, nicolae_shop_waterfront,
          enter_ossuary_5, amcnicky_mini_pool_small
D:7:      layout_basic, vehumet_altar_wand_db, minmay_temple_entry_mist
D:8:      layout_loops_cross, nicolae_tso_swordbearing_angel,
          minmay_starry_boxes, uniq_maurice
D:9:      layout_rooms, mainiacjoe_overflow_chevrons,
          nicolae_hepliaklqana_hazy_memory, serial_rivers,
          chequers_serial_rivers_small_b, chequers_serial_rivers_micro_d,
          chequers_serial_rivers_micro_c, chequers_serial_rivers_micro_d,
          chequers_serial_rivers_micro_e, chequers_serial_rivers_micro_e,
          uniq_pikel
D:10:     layout_basic, nicolae_uskayaw_suspiria
D:11:     layout_roguey, lair_entry_dummy, orc_0_dummy, nzn_sisyphean_effort,
          uniq_nergalle
D:12:     layout_small_grid
D:15:     grunt_enter_depths_snipers, layout_irregular_city, enter_trove_1,
          portal_ice_cave_entry_frozen_things, serial_park_gazebo
          [serial_park_minivault_5x5_2], uniq_kirke

Skill      XL: |  1  2  3  4  5  6  7  8  9 10 11 |
---------------+----------------------------------+-----
Fighting       | 4 5 6 7 8 10 12 14 15 | 15.8
Axes           | 4 5 6 7 8 10 12 14 15 | 15.8
Armour         | 2 |  2.8
Evocations     | 2 |  2.0
Dodging        | 4 |  4.3

Action                     |  1- 3 |  4- 6 |  7- 9 | 10-12 || total
---------------------------+-------+-------+-------+-------++-------
  Melee: Hand axe          |    59 |   109 |   101 |       ||   269
         Headbutt          |    13 |    29 |    81 |    60 ||   183
         Broad axe         |       |       |   167 |   229 ||   396
         Unarmed           |       |       |       |    11 ||    11
  Throw: Javelin           |       |       |       |     4 ||     4
 Invoke: Berserk           |       |       |     1 |       ||     1
         Trog's Hand       |       |       |     1 |       ||     1
    Use: Scroll            |       |     5 |     8 |     5 ||    18
         Potion            |       |       |     3 |     2 ||     5
 Armour: Robe              |     6 |       |       |       ||     6
         Chain mail        |    19 |    49 |   121 |    86 ||   275
  Dodge: Dodged            |    32 |    51 |   110 |    84 ||   277
  Block: Orb               |       |       |    33 |    46 ||    79
         Reflection        |       |       |       |     6 ||     6
         Other             |       |       |       |     2 ||     2

Table legend: (Time is in decaauts)
 A = Elapsed time spent in this place.
 B = Non-inter-level travel time spent in this place.
 C = Inter-level travel time spent in this place.
 D = Time resting spent in this place.
 E = Time spent auto-exploring this place.
 F = Levels seen in this place.
 G = Mean time per level.
                   A        B        C        D        E       F      G
               +--------+--------+--------+--------+--------+-----+--------+
         Total |  10435 |  10135 |    300 |    100 |   7935 |  14 |  745.4 |
       Dungeon |  10004 |   9704 |    300 |    100 |   7773 |  13 |  769.5 |
       Ossuary |    430 |    430 |      0 |      0 |    162 |   1 |  430.0 |
               +--------+--------+--------+--------+--------+-----+--------+

Top non-repeatable levels by time:
    D:11: 1205 daAuts
     D:5: 1121 daAuts
     D:1: 1049 daAuts
     D:8: 984 daAuts
     D:7: 963 daAuts
     D:3: 922 daAuts
     D:6: 905 daAuts
    D:10: 777 daAuts
     D:4: 758 daAuts
     D:9: 712 daAuts
     D:2: 505 daAuts
 Ossuary: 430 daAuts
    D:12: 61 daAuts
    D:15: 37 daAuts
